 Dungeon Crawl Stone Soup version 0.28-a0-631-g0446da8ef9 (webtiles) character file.

Game seed: 8012902038918949320

15101 rogsnak the Geomancer (level 11, -28/89 HPs)
             Began as a Red Draconian Earth Elementalist on Oct 8, 2021.
             Was a Priest of Sif Muna.
             Hit by a large rock thrown by a cyclops (33 damage)
             ... on level 11 of the Dungeon on Oct 9, 2021.
             The game lasted 00:39:39 (17827 turns).

rogsnak the Geomancer (DrEE)                       Turns: 17827, Time: 00:39:39

Health: -28/89     AC:  9    Str: 11    XL:     11   Next: 97%
Magic:  24/24      EV: 14    Int: 19    God:    Sif Muna [***...]
Gold:   706        SH:  5    Dex: 11    Spells: 25/29 levels left

rFire   + . .      SeeInvis .   B - +1 flail (venom)
rCold   . . .      Faith    .   J - +2 buckler
rNeg    . . .      Spirit   .   (armour unavailable)
rPois   .          Reflect  .   (helmet restricted)
rElec   .          Harm     .   H - +0 cloak
rCorr   .          Rampage  .   (no gloves)
Will    +....                   t - +0 pair of boots
Stlth   ++........              (no amulet)
HPRegen 0.24/turn               d - ring of willpower
MPRegen 0.19/turn               (no ring)

@: no status effects
A: breathe fire, AC +7, unfitting armour, fire resistance 1, cold-blooded
a: Breathe Fire, Renounce Religion, Channel Magic, Forget Spell


You were on level 11 of the Dungeon.
You worshipped Sif Muna.
Sif Muna was most pleased with you.
You visited 3 branches of the dungeon, and saw 14 of its levels.

You collected 706 gold pieces.

Inventory:

Hand Weapons
 r - a +2 vampiric spear
 y - a +0 spear of venom
 B - a +1 flail of venom (weapon)
 D - a +2 vorpal mace
 L - a +4 flail
 M - a +2 hand axe of flaming
Missiles
 b - 345 stones
 f - 6 curare-tipped darts
 o - 26 bolts
 p - 6 boomerangs
 x - 10 poisoned darts
Armour
 t - a +0 pair of boots (worn)
 H - a +0 cloak (worn)
 J - a +2 buckler (worn)
Jewellery
 d - a ring of willpower (left hand)
Wands
 A - a wand of polymorph (8)
 N - a wand of mindburst (7)
Scrolls
 a - 10 scrolls of teleportation {unknown}
 c - 3 scrolls of blinking {unknown}
 e - 3 scrolls of torment {unknown}
 g - 3 scrolls of amnesia {unknown}
 h - 4 scrolls of brand weapon {unknown}
 i - 4 scrolls of noise {unknown}
 j - 6 scrolls of identify {unknown}
 k - a scroll of enchant armour {unknown}
 l - 2 scrolls of vulnerability {unknown}
 m - 4 scrolls of immolation {unknown}
 s - 3 scrolls of enchant weapon {unknown}
 E - 2 scrolls of magic mapping {unknown}
 G - a scroll of acquirement {unknown}
 I - 2 scrolls of summoning {unknown}
Potions
 n - 4 potions of flight {unknown}
 q - 3 potions of heal wounds {unknown}
 u - 3 potions of mutation {unknown}
 v - 2 potions of haste {unknown}
 w - 6 potions of curing
 z - a potion of resistance {unknown}
 C - 2 potions of brilliance {unknown}
 F - a potion of attraction {unknown}
 K - 2 potions of ambrosia {unknown}
 O - 2 potions of invisibility {unknown}
 P - a potion of degeneration {unknown}


   Skills:
 + Level 5.9 Fighting
 + Level 8.1 Dodging
 - Level 2.0 Stealth
 + Level 0.1 Shields
 + Level 9.8 Spellcasting
 + Level 8.6 Conjurations
 - Level 1.0 Transmutations
 + Level 10.4 Earth Magic


You had 25 spell levels left.
You knew the following spells:

 Your Spells              Type           Power      Damage    Failure   Level
a - Sandblast             Erth           98%        2d20      1%          1
b - Stone Arrow           Conj/Erth      90%        3d12      1%          3

Your spell library contained the following spells:

 Spells                   Type           Power      Damage    Failure   Level
 Passwall                 Tmut/Erth      25%        N/A       1%          2
 Lee's Rapid Deconstruct  Erth           24%        3d14*     4%          5
 Sting                    Tmut/Pois      44%        1d5       10%         1
 Animate Skeleton         Necr           18%        N/A       12%         1
 Apportation              Tloc           18%        N/A       12%         1
 Summon Small Mammal      Summ           36%        N/A       12%         1
 Petrify                  Tmut/Erth      31%        N/A       12%         4
 Leda's Liquefaction      Hex/Erth       14%        N/A       14%         4
 Poisonous Vapours        Pois/Air       18%        N/A       19%         2
 Inner Flame              Hex/Fire       9%         N/A       36%         3
 Tukima's Dance           Hex            9%         N/A       36%         3
 Cause Fear               Hex            4%         N/A       77%         4
 Olgreb's Toxic Radiance  Pois           9%         N/A       77%         4
 Passage of Golubria      Tloc           N/A        N/A       77%         4
 Statue Form              Tmut/Erth      20%        N/A       87%         6
 Yara's Violent Unravell  Hex/Tmut       5%         3d4       95%         5
 Discord                  Hex            4%         N/A       100%        8


Dungeon Overview and Level Annotations

Branches:
Dungeon (11/15)            Temple (1/1) D:5            Lair (0/6) D:11
    Orc (2/2) D:10
    Elf: Orc:2

Altars:
Ashenzari
Cheibriados
Dithmenos
Elyvilon
Gozag
Kikubaaqudgha
Makhleb
Nemelex Xobeh
Qazlal
Ru
Sif Muna
Trog
Uskayaw
Vehumet
Wu Jian
Xom
Yredelemnul
The Shining One
Beogh

Annotations:
D:9 2 transporters, Zenkrye's ghost, journeyman OgTm


Innate Abilities, Weirdness & Mutations

You can breathe blasts of fire.
Your fiery red scales are hard. (AC +7)
You cannot fit into any form of body armour.
Your flesh is heat resistant. (rF+)
You are cold-blooded and may be slowed by cold attacks.


Message History

There is a staircase back to the Dungeon, spattered with blood here.
You climb upwards.
Welcome back to the Dungeon!
There is a staircase to the Orcish Mines here.
Things that are here:
a +0 ring mail; a +0 hand axe
There is an open door here.
Things that are here:
a +0 leather armour; a +0 hand axe; a +0 short sword
Things that are here:
a +0 flail; a +2 vorpal mace
Things that are here:
a +0 whip; a +0 ring mail; a +0 short sword
There is an open door, spattered with blood here.
Items here: ))) [[.
There is an open door here.
There is an open door here.
Things that are here:
a +0 giant club; a +0 dire flail
There is a stone staircase leading down, spattered with blood here.
You climb downwards.
The eight-headed hydra completely misses you.
The eight-headed hydra barely misses you.
You block the eight-headed hydra's attack. x2
The eight-headed hydra bites you.
The eight-headed hydra bites you but does no damage.
The eight-headed hydra barely misses you.
The eight-headed hydra bites you but does no damage.
There is a stone staircase leading up here.
A wraith comes into view.
Really walk into that teleport trap?
You enter a teleport trap!
The teleport trap disappears.
Your surroundings suddenly seem different.
The cyclops shouts!
Unknown command.
The cyclops throws a large rock.
The large rock hits you!!
* * * LOW HITPOINT WARNING * * *
The cyclops throws a large rock.
The large rock hits you!
* * * LOW HITPOINT WARNING * * *
The cyclops throws a large rock.
The large rock hits you!!
You die...

.......>.......#
.......C.......####
.......>..........#
..........[.....
.............#
#.........#
#.........#
#.######..# #.#
#@.# #.# #..#
..#####.######..#
.............#...
D# #
......###J...#..##
D. ..
...#...≈...#.#..#
..## ##..
..#..#...#..##..#
#.. ..#
#.##...##(##..# ###
..##.. #
#..PP.P...##..# #.#
#..# #


You could see a cyclops.

Vanquished Creatures
  Josephine (D:11)
  A boulder beetle (D:10)
  5 two-headed ogres
  A death knight (D:10)
  A phantasmal warrior (D:11)
  2 cyclopes
  An oklob plant (D:11)
  2 centaur zombies
  A komodo dragon (shapeshifter) (D:10)
  A tengu conjurer (D:10)
  2 freezing wraiths (D:11)
  A komodo dragon (D:10)
  A troll (D:10)
  A hornet (D:10)
  A shadow (D:11)
  4 wraiths (D:11)
  4 yaks (D:9)
  Eustachio (D:4)
  2 wargs (D:10)
  2 acid dragons
  A water moccasin (D:9)
  2 black bears (D:8)
  A hornet zombie (D:7)
  An ice beast (D:8)
  A sky beast (D:8)
  7 orc warriors
  5 ogres
  3 centaurs
  A kobold brigand (D:8)
  Blork the orc (D:4)
  A bullfrog (D:7)
  A wyvern skeleton (D:7)
  A water moccasin skeleton (D:6)
  13 killer bees
  20 wights
  2 howler monkeys
  A crimson imp (D:7)
  7 orc priests
  3 jellies
  A bullfrog skeleton (D:5)
  5 iguanas
  9 orc wizards
  A hound skeleton (D:4)
  Robin (D:3)
  3 adders
  4 ufetubi
  2 dart slugs
  2 worms
  53 orcs
  8 endoplasms
  A giant cockroach (D:3)
  15 goblins
  9 hobgoblins
  8 jackals
  12 kobolds
  2 quokkas
  9 ball pythons
  6 bats
  2 frilled lizards
  A goblin zombie (D:5)
  A kobold skeleton (D:4)
  A quokka zombie (D:5)
  3 rats
266 creatures vanquished.

Vanquished Creatures (others)
  30 fungi (D:7)
  5 plants (D:11)
35 creatures vanquished.

Grand Total: 301 creatures vanquished

Notes
Turn   | Place    | Note
-------+----------+-------------------------------------------
     0 | D:1      | rogsnak the Draconian Earth Elementalist began the quest
                  | for the Orb.
     0 | D:1      | Reached XP level 1. HP: 14/14 MP: 3/3
   835 | D:1      | Reached XP level 2. HP: 7/20 MP: 5/5
  1056 | D:1      | Found a faded altar of an unknown god.
  1729 | D:2      | Reached XP level 3. HP: 25/26 MP: 6/6
  1735 | D:2      | Learned a level 3 spell: Stone Arrow
  2897 | D:3      | Reached skill level 4 in Earth Magic
  2897 | D:3      | Reached XP level 4. HP: 34/34 MP: 4/7
  3011 | D:3      | Noticed Robin
  3333 | D:3      | Killed Robin
  3871 | D:3      | Reached skill level 1 in Fighting
  3875 | D:3      | Reached XP level 5. HP: 40/40 MP: 9/9
  4678 | D:4      | Noticed Blork the orc
  4684 | D:4      | Killed Blork the orc
  4685 | D:4      | Reached XP level 6. HP: 47/47 MP: 6/10
  4807 | D:4      | Noticed Eustachio
  5200 | D:4      | Found a runed translucent door.
  5200 | D:4      | Noticed a human
  5214 | D:4      | Found a basalt altar of Yredelemnul.
  5799 | D:4      | Killed Eustachio
  5800 | D:4      | Reached skill level 5 in Earth Magic
  5800 | D:4      | Your scales start taking on a fiery red colour.
  5800 | D:4      | Reached XP level 7. HP: 52/55 MP: 2/12
  5800 | D:4      | Gained mutation: Your flesh is heat resistant. (rF+) [Red
                  | Draconian growth]
  6003 | D:5      | Entered Level 5 of the Dungeon
  6183 | D:5      | Reached skill level 1 in Conjurations
  6684 | D:5      | Found a radiant altar of Vehumet.
  6839 | D:5      | Found a staircase to the Ecumenical Temple.
  6848 | Temple   | Entered the Ecumenical Temple
  7180 | Temple   | Became a worshipper of Sif Muna the Loreminder
  7361 | D:5      | Found an ornate altar of the Wu Jian Council.
  7551 | D:6      | Noticed a two-headed ogre
  7556 | D:6      | Killed a two-headed ogre
  7557 | D:6      | Reached skill level 5 in Dodging
  7557 | D:6      | Reached skill level 6 in Earth Magic
  7557 | D:6      | Reached XP level 8. HP: 26/63 MP: 1/15
  7768 | D:6      | Reached skill level 5 in Spellcasting
  9030 | D:7      | Found a hide-covered altar of Uskayaw.
  9097 | D:7      | Reached XP level 9. HP: 35/71 MP: 7/17
  9377 | D:7      | Found a shadowy altar of Dithmenos.
 10005 | D:7      | Reached * piety under Sif Muna
 10146 | D:7      | Found a burning altar of Makhleb.
 10212 | D:8      | Reached skill level 7 in Earth Magic
 10436 | D:8      | Noticed a two-headed ogre
 10442 | D:8      | Killed a two-headed ogre
 10735 | D:8      | Noticed a two-headed ogre
 11245 | D:8      | Found an opulent altar of Gozag.
 11389 | D:8      | Killed a two-headed ogre
 11390 | D:8      | Reached skill level 5 in Conjurations
 11390 | D:8      | Reached skill level 8 in Earth Magic
 11390 | D:8      | Reached XP level 10. HP: 80/80 MP: 13/20
 11884 | D:9      | Noticed a two-headed ogre
 11899 | D:9      | Found a transporter.
 11904 | D:9      | Found a transporter.
 11904 | D:9      | Found a bloodstained altar of Trog.
 11914 | D:9      | Noticed a moth of wrath
 11914 | D:9      | Noticed Zenkrye's ghost (journeyman OgTm)
 11914 | D:9      | Noticed a tengu warrior
 11915 | D:9      | Noticed a two-headed ogre
 12986 | D:10     | Entered Level 10 of the Dungeon
 13164 | D:10     | Found a white marble altar of Elyvilon.
 13193 | D:10     | Noticed a two-headed ogre
 13205 | D:10     | Killed a two-headed ogre
 13206 | D:10     | Reached skill level 5 in Fighting
 13283 | D:10     | Reached ** piety under Sif Muna
 13287 | D:10     | Reached skill level 9 in Earth Magic
 13641 | D:10     | Found a sparkling altar of Nemelex Xobeh.
 13998 | D:10     | Found a broken altar of Ashenzari.
 14230 | D:10     | Found a staircase to the Orcish Mines.
 14415 | D:10     | Found a runed translucent door.
 14440 | D:10     | Reached XP level 11. HP: 44/86 MP: 9/23
 15228 | D:11     | Noticed a two-headed ogre
 15246 | D:10     | Killed a two-headed ogre
 15752 | D:11     | Noticed a phantasmal warrior
 15770 | D:11     | Killed a phantasmal warrior
 15909 | D:11     | Found a staircase to the Lair.
 15909 | D:11     | Noticed an oklob plant
 15919 | D:11     | Killed an oklob plant
 15947 | D:11     | Noticed a boulder beetle
 15947 | D:11     | Noticed Josephine
 15988 | D:11     | Killed Josephine
 15999 | D:10     | Killed a boulder beetle
 16000 | D:10     | Reached skill level 10 in Earth Magic
 16273 | D:11     | Noticed a death knight
 16290 | D:10     | Killed a death knight
 16677 | D:11     | Upgraded the game from 0.28-a0-628-g3c9886e45e to
                  | 0.28-a0-631-g0446da8ef9
 16840 | D:11     | Noticed an eight-headed hydra
 16840 | D:11     | Noticed a five-headed hydra
 16878 | Orc:1    | Entered Level 1 of the Orcish Mines
 17418 | Orc:1    | Reached *** piety under Sif Muna
 17619 | Orc:2    | Entered Level 2 of the Orcish Mines
 17736 | Orc:2    | Noticed an ettin
 17827 | D:11     | Hit by a large rock thrown by a cyclops

Illustrated notes

Levels and vault maps discovered:
D:1:      ebering_trefoil_twist, layout_basic,
          hellmonk_ecumenical_altar_run_dry, minmay_misc_feat_columns
D:2:      layout_basic
D:3:      layout_loops_corners, nicolae_underground_beach, uniq_robin
D:4:      layout_loops_corners, dk_yredelemnul_ordeal, nicolae_zen_rock_garden,
          minmay_crossroads, uniq_eustachio, uniq_blork_the_orc
D:5:      layout_basic, mainiacjoe_overflow_paths,
          pdpol_wu_jian_five_deadly_venoms, minmay_temple_entry_poolview,
          enter_ossuary_4
D:6:      layout_loops_ring, grunt_ministairs_15
D:7:      layout_basic, makhleb_grotto_becter,
          mainiacjoe_overflow_catch_the_wave, kennysheep_generic_room_12
D:8:      layout_gridville, general_overflow_altar, grunt_ministairs_6,
          hangedman_decor_growths
D:9:      layout_irregular_city, gammafunk_ghost_wrathful_warriors
D:10:     layout_roguey, lemuel_tele_altar, lemuel_crystal_altar,
          ashenzari_altar_1, david_orc_5, minmay_st_funbox
D:11:     minmay_bloctagon, layout_long_grid, dpeg_oklobed_lair, jiyva_altar_1,
          uniq_josephine
Temple:   minmay_temple_forest_path
Orc:1:    layout_caves, serial_shops, nicolae_square_shop
Orc:2:    grunt_orc_gardens, layout_caves, grunt_orc_garden, grunt_orc_garden,
          grunt_orc_garden, grunt_orc_garden, serial_shops,
          nicolae_shop_statue_plus

Skill      XL: |  1  2  3  4  5  6  7  8  9 10 11 |
---------------+----------------------------------+-----
Stealth        | 2 |  2.0
Dodging        | 2 3 4 5 6 7 8 |  8.1
Earth Magic    | 4 5 6 8 9 10 | 10.4
Fighting       | 1 2 3 4 5 |  5.9
Spellcasting   | 3 4 5 7 8 9 |  9.8
Conjurations   | 2 3 5 7 8 |  8.6
Shields        | |  0.1
Transmutations | |  1.0

Action                   |  1- 3 |  4- 6 |  7- 9 | 10-12 || total
-------------------------+-------+-------+-------+-------++-------
Melee: Whip              |   125 |       |       |       ||   125
       Unarmed           |    16 |       |       |       ||    16
       Tailslap          |    20 |    12 |     9 |     5 ||    46
       Mace              |     6 |    27 |       |       ||    33
       Spear             |       |   177 |    81 |       ||   258
       Flail             |       |       |    40 |    71 ||   111
 Cast: Sandblast         |     9 |    19 |     9 |    10 ||    47
       Stone Arrow       |     1 |     8 |    83 |   168 ||   260
 Abil: Breathe Fire      |       |       |     7 |    22 ||    29
 Stab: Sleeping          |     6 |     5 |     1 |       ||    12
Armor: Skin              |    54 |    50 |    58 |    56 ||   218
Dodge: Dodged            |   119 |   124 |   149 |   143 ||   535
Block: Buckler           |       |       |       |    18 ||    18

Table legend: (Time is in decaauts)
 A = Elapsed time spent in this place.
 B = Non-inter-level travel time spent in this place.
 C = Inter-level travel time spent in this place.
 D = Time resting spent in this place.
 E = Time spent auto-exploring this place.
 F = Levels seen in this place.
 G = Mean time per level.
                   A        B        C        D        E       F      G
               +--------+--------+--------+--------+--------+-----+--------+
         Total |  17942 |  17597 |    345 |   4403 |   9373 |  14 | 1281.6 |
       Dungeon |  17373 |  17051 |    322 |   4346 |   9087 |  11 | 1579.4 |
        Temple |    176 |    175 |      1 |      0 |    115 |   1 |  176.0 |
  Orcish Mines |    393 |    371 |     22 |     57 |    171 |   2 |  196.5 |
               +--------+--------+--------+--------+--------+-----+--------+

Top non-repeatable levels by time:
    D:10: 3488 daAuts
     D:4: 1848 daAuts
     D:1: 1698 daAuts
     D:5: 1599 daAuts
     D:8: 1490 daAuts
     D:3: 1361 daAuts
     D:7: 1333 daAuts
     D:6: 1218 daAuts
     D:9: 1193 daAuts
     D:2: 1139 daAuts
    D:11: 1002 daAuts
   Orc:1: 371 daAuts
  Temple: 176 daAuts
   Orc:2: 22 daAuts
